 Dungeon Crawl Stone Soup version 0.27.1-4-g1640c2035a (webtiles) character file.

Game seed: 6731110879048175972

83 Gabide the Charlatan (level 4, -5/32 HPs)
             Began as a Human Artificer on Nov 1, 2021.
             Slain by an ice beast (13 damage)
             ... on level 3 of the Dungeon.
             The game lasted 00:04:05 (4188 turns).

Gabide the Charlatan (Human Artificer)              Turns: 4188, Time: 00:04:06

Health: -5/32      AC:  3    Str: 13    XL:     4   Next: 71%
Magic:  4/4        EV: 12    Int: 11    God:
Gold:   88         SH:  0    Dex: 14    Spells: 3/3 levels left

rFire    . . .     SeeInvis .   g - +0 dagger (freeze)
rCold    . . .     Faith    .   (no shield)
rNeg     . . .     Spirit   .   b - +0 leather armour
rPois    .         Reflect  .   (no helmet)
rElec    .         Harm     .   (no cloak)
rCorr    .         Rampage  .   (no gloves)
Will     .....                  (no boots)
Stlth    +.........             (no amulet)
HPRegen  0.10/turn              (no ring)
MPRegen  0.09/turn              (no ring)

@: no status effects
A: no striking features
a: no special abilities


You were on level 3 of the Dungeon.
You visited 1 branch of the dungeon, and saw 3 of its levels.

You collected 88 gold pieces.

Inventory:

Hand Weapons
 g - a +0 dagger of freezing (weapon)
Armour
 b - a +0 leather armour (worn)
Wands
 d - a wand of charming (13)
Scrolls
 f - 3 scrolls of enchant weapon
 h - a scroll of identify
 i - a scroll of amnesia
 j - a scroll of teleportation {unknown}
Potions
 a - 2 potions of cancellation
Miscellaneous
 e - a piece from Xom's chessboard (14/15)


   Skills:
 + Level 1.3 Fighting
 + Level 0.1 Short Blades
 + Level 0.7 Maces & Flails
 + Level 2.4 Armour
 * Level 2.5 Dodging
 - Level 1.0 Stealth
 * Level 3.8 Evocations


You had 3 spell levels left.
You didn't know any spells.
Your spell library contained the following spells:

 Spells                   Type           Power      Damage    Failure   Level
 Foxfire                  Conj/Fire      0%         2x1d4     41%         1
 Conjure Flame            Conj/Fire      0%         6-21      80%         3
 Inner Flame              Hex/Fire       0%         N/A       80%         3


Dungeon Overview and Level Annotations

Branches:
Dungeon (3/15)

Altars:

Shops:
D:1 (


Message History

You climb downwards.
There is a stone staircase leading up here.
You see here a +0 buckler.
An ice beast is nearby!
Things that are here:
a +0 club; a kobold skeleton You hit the ice beast but do no damage.
The ice beast misses you.
You completely miss the ice beast. The ice beast barely misses you.
You hit the ice beast.
The ice beast is lightly wounded.
The ice beast misses you.
You barely miss the ice beast.
The ice beast is lightly wounded.
The ice beast hits you. The ice beast freezes you!
You hit the ice beast.
The ice beast is lightly wounded.
The ice beast hits you but does no damage.
You barely miss the ice beast.
The ice beast is lightly wounded.
The ice beast hits you. The ice beast freezes you!
You are too injured to fight recklessly!
You are too injured to fight recklessly!
You are too injured to fight recklessly!
You are too injured to fight recklessly!
You are too injured to fight recklessly!
You are too injured to fight recklessly!
You are too injured to fight recklessly!
You are too injured to fight recklessly!
You are too injured to fight recklessly!
You are too injured to fight recklessly!
You are too injured to fight recklessly!
You are too injured to fight recklessly!
You are too injured to fight recklessly!
Things that are here:
a +0 club; a kobold skeleton You make a move on Xom's chessboard...
The ice beast seems to grow stronger.
The ice beast hits you.
* * * LOW HITPOINT WARNING * * *
The ice beast freezes you!
You die...

......##.......#
...............#
......†........#
.............:.#
......##.......# .####
#.......# #.......#
##################.......##
......<...[.....@Y).........
##....##############...###.#
##....####### #...# #
..>.......... #...#
#............ #...#
.)........... #....
#............ ###..
#........##.. ... #........#
.


You could see an ice beast (strong).

Vanquished Creatures
  3 adders (D:2)
  6 endoplasms
  A giant cockroach (D:1)
  6 goblins
  6 hobgoblins
  4 jackals (D:1)
  3 quokkas
  5 ball pythons
  5 bats
  2 frilled lizards (D:1)
  4 kobolds
  4 rats
49 creatures vanquished.

Vanquished Creatures (collateral kills)
  A ball python (D:2)
1 creature vanquished.

Vanquished Creatures (others)
  3 plants (D:3)
3 creatures vanquished.

Grand Total: 53 creatures vanquished

Notes
Turn   | Place    | Note
-------+----------+-------------------------------------------
     0 | D:1      | Gabide the Human Artificer began the quest for the Orb.
     0 | D:1      | Reached XP level 1. HP: 15/15 MP: 1/1
   135 | D:1      | Reached XP level 2. HP: 8/21 MP: 2/2
  1159 | D:1      | Reached XP level 3. HP: 20/26 MP: 3/3
  1520 | D:1      | Found Niemuf's Weapon Emporium.
  2587 | D:2      | Reached XP level 4. HP: 20/32 MP: 4/4
  3749 | D:3      | Noticed an ice beast
  4188 | D:3      | Slain by an ice beast

Illustrated notes

Levels and vault maps discovered:
D:1:      dpeg_arrival_three_bigger_balls, layout_basic, serial_shops,
          nicolae_shop_crystal
D:2:      layout_basic
D:3:      wad_lake_hut, layout_basic, kennysheep_generic_room_9

Skill      XL: |  1  2  3 |
---------------+----------+-----
Dodging        | 2 |  2.5
Fighting       | |  1.3
Short Blades   | |  0.1
Maces & Flails | |  0.7
Armour         | |  2.4
Stealth        | |  1.0
Evocations     | |  3.8

Action                   |  1- 3 |  4- 6 || total
-------------------------+-------+-------++-------
Melee: Club              |    78 |       ||    78
       Dagger            |    63 |    60 ||   123
Evoke: Wand              |    10 |     7 ||    17
       Piece from Xom's  |       |     1 ||     1
  Use: Scroll            |     4 |     2 ||     6
 Stab: Sleeping          |     1 |       ||     1
Armor: Leather armour    |    53 |    10 ||    63
Dodge: Dodged            |   129 |    56 ||   185
